 Dungeon Crawl Stone Soup version 0.28-a0-664-gc179e30c89 (webtiles) character file.

Game seed: 1233194874475158772

278 porpoise the Magician (level 6, -2/32 HPs)
             Began as a Deep Elf Conjurer on Oct 16, 2021.
             Slain by a hornet zombie (13 damage)
             ... on level 4 of the Dungeon.
             The game lasted 00:10:08 (3723 turns).

porpoise the Magician (Deep Elf Conjurer)           Turns: 3723, Time: 00:10:09

Health: -2/32      AC:  2    Str:  5    XL:     6   Next: 5%
Magic:  5/17       EV: 12    Int: 24    God:
Gold:   175        SH:  0    Dex: 13    Spells: 6/17 levels left

rFire   + . .      SeeInvis .   b - +0 hunting sling
rCold   + . .      Faith    .   (no shield)
rNeg    . . .      Spirit   .   m - +0 robe
rPois   .          Reflect  .   (no helmet)
rElec   .          Harm     .   (no cloak)
rCorr   .          Rampage  .   (no gloves)
Will    .....                   (no boots)
Stlth   ++........              (no amulet)
HPRegen 0.10/turn               i - ring of protection from cold
MPRegen 0.15/turn               o - ring of protection from fire

@: no status effects
A: no striking features
a: no special abilities


You were on level 4 of the Dungeon.
You visited 1 branch of the dungeon, and saw 4 of its levels.

You collected 175 gold pieces.

Inventory:

Hand Weapons
 a - a +0 rapier
 b - a +0 hunting sling (weapon)
Missiles
 e - 25 stones (quivered ammo)
 l - 17 sling bullets
Armour
 m - a +0 robe (worn)
Jewellery
 i - a ring of protection from cold (left hand)
 o - a ring of protection from fire (right hand)
Scrolls
 c - a scroll of identify {unknown}
 f - a scroll of fog {unknown}
 h - 2 scrolls of immolation {unknown}
 k - a scroll of teleportation {unknown}
 n - 2 scrolls of brand weapon {unknown}
Potions
 d - a potion of attraction {unknown}
 g - a potion of curing {unknown}
 j - a potion of mutation {unknown}


   Skills:
 - Level 2.4 Dodging
 - Level 2.4 Stealth
 + Level 6.3 Spellcasting
 - Level 5.5 Conjurations
 + Level 3.6 Hexes


You had 6 spell levels left.
You knew the following spells:

 Your Spells              Type           Power      Damage    Failure   Level
a - Magic Dart            Conj           100%       1d8       1%          1
b - Searing Ray           Conj           68%        2d6       1%          2
c - Fulminant Prism       Conj/Hex       14%        3d9       12%         4
d - Iskenderun's Mystic   Conj/Tloc      20%        2d6       24%         4

Your spell library contained the following spells:

 Spells                   Type           Power      Damage    Failure   Level
 Dazzling Flash           Conj/Hex       58%        N/A       3%          3
 Animate Skeleton         Necr           14%        N/A       8%          1
 Pain                     Necr           28%        1d5       8%          1
 Ozocubu's Armour         Ice            7%         N/A       22%         3
 Vampiric Draining        Necr           3%         2d6       22%         3
 Metabolic Englaciation   Hex/Ice        8%         N/A       69%         5
 Simulacrum               Ice/Necr       3%         N/A       100%        6


Dungeon Overview and Level Annotations

Branches:
Dungeon (4/15)
 Temple: D:4-7

Altars:
Uskayaw


Message History

The hornet zombie is moderately damaged.
The searing ray hits the hornet zombie!
The hornet zombie is heavily damaged.
The hornet zombie hits you.
The searing ray hits the hornet zombie.
The hornet zombie is heavily damaged.
You finish channelling your searing ray.
The hornet zombie hits you!
Casting: Searing Ray (safe; 1% risk of failure)
Confirm with . or Enter, or press ? or * to list all spells.
Aiming: Searing Ray (safe; 1% risk of failure)
Press: ? - help, Shift-Dir - straight line, f/p - hornet zombie
Aim: a hornet zombie (heavily damaged, 83% to hit)
The searing ray misses the hornet zombie. (Press . to maintain the ray.)
The hornet zombie hits you but does no damage.
The hornet zombie closely misses you.
The searing ray hits the hornet zombie but does no damage.
The hornet zombie is heavily damaged.
The hornet zombie hits you.
The searing ray hits the hornet zombie.
The hornet zombie is severely damaged.
The hornet zombie barely misses you.
The searing ray hits the hornet zombie.
The hornet zombie is severely damaged.
You finish channelling your searing ray.
The hornet zombie misses you. The hornet zombie hits you.
Casting: Searing Ray (safe; 1% risk of failure)
Confirm with . or Enter, or press ? or * to list all spells.
Aiming: Searing Ray (safe; 1% risk of failure)
Press: ? - help, Shift-Dir - straight line, f/p - hornet zombie
Aim: a hornet zombie (severely damaged, 83% to hit)
The searing ray hits the hornet zombie!
The hornet zombie is almost destroyed. (Press . to maintain the ray.)
The hornet zombie misses you.
The searing ray hits the hornet zombie.
The hornet zombie is almost destroyed.
The hornet zombie hits you!
You die...

#+## ## #..#
#..##.$#......
+....Z@#.....
#..##..#....#
#'##....#
#..#....#
#..#....# ##
#..#....# #.
#..'....# #..
########....# #..
#..###......#####


You could see a hornet zombie.

Vanquished Creatures
  A howler monkey (D:4)
  A hound (D:4)
  2 orc priests (D:3)
  7 adders
  4 dart slugs
  3 orcs (D:3)
  10 bats
  6 endoplasms
  5 giant cockroaches
  11 goblins
  4 hobgoblins
  7 quokkas
  3 ball pythons
  5 frilled lizards
  4 kobolds
  6 rats
79 creatures vanquished.

Notes
Turn   | Place    | Note
-------+----------+-------------------------------------------
     0 | D:1      | porpoise the Deep Elf Conjurer began the quest for the Orb.
     0 | D:1      | Reached XP level 1. HP: 10/10 MP: 6/6
   195 | D:1      | Reached XP level 2. HP: 15/15 MP: 5/8
   612 | D:1      | Learned a level 2 spell: Searing Ray
   726 | D:1      | Found a faded altar of an unknown god.
   736 | D:1      | Reached skill level 4 in Spellcasting
   739 | D:1      | Reached skill level 5 in Conjurations
   739 | D:1      | Reached XP level 3. HP: 19/19 MP: 3/10
  1599 | D:2      | Reached XP level 4. HP: 16/24 MP: 6/12
  2036 | D:2      | Reached skill level 5 in Spellcasting
  2055 | D:2      | Learned a level 4 spell: Fulminant Prism
  2060 | D:2      | Learned a level 4 spell: Iskenderun's Mystic Blast
  2285 | D:2      | Reached skill level 1 in Hexes
  2657 | D:3      | Reached XP level 5. HP: 17/28 MP: 4/15
  3061 | D:3      | Found a hide-covered altar of Uskayaw.
  3366 | D:4      | Reached skill level 6 in Spellcasting
  3533 | D:4      | Reached XP level 6. HP: 32/32 MP: 12/17
  3723 | D:4      | Slain by a hornet zombie

Illustrated notes

Levels and vault maps discovered:
D:1:      elethiomel_arrival_maze, layout_rooms,
          ebering_ecumenical_altar_abandoned
D:2:      layout_loops_ring
D:3:      layout_basic, mainiacjoe_overflow_six_doors_small
D:4:      layout_gridville

Skill      XL: |  1  2  3  4  5 |
---------------+----------------+-----
Spellcasting   | 4 5 6 |  6.3
Conjurations   | 5 |  5.5
Hexes          | 2 3 |  3.6
Dodging        | |  2.4
Stealth        | |  2.4

Action                   |  1- 3 |  4- 6 || total
-------------------------+-------+-------++-------
 Fire: Hunting sling     |     3 |     5 ||     8
 Cast: Magic Dart        |    68 |    43 ||   111
       Searing Ray       |     3 |    12 ||    15
Armor: Robe              |       |     2 ||     2
Dodge: Dodged            |     8 |    11 ||    19

Table legend: (Time is in decaauts)
 A = Elapsed time spent in this place.
 B = Non-inter-level travel time spent in this place.
 C = Inter-level travel time spent in this place.
 D = Time resting spent in this place.
 E = Time spent auto-exploring this place.
 F = Levels seen in this place.
 G = Mean time per level.
                   A        B        C        D        E       F      G
               +--------+--------+--------+--------+--------+-----+--------+
         Total |   3721 |   3644 |     77 |   1855 |   1431 |   4 |  930.2 |
       Dungeon |   3721 |   3644 |     77 |   1855 |   1431 |   4 |  930.2 |
               +--------+--------+--------+--------+--------+-----+--------+

Top non-repeatable levels by time:
     D:1: 1292 daAuts
     D:2: 1086 daAuts
     D:3: 973 daAuts
     D:4: 369 daAuts
